 Dungeon Crawl Stone Soup version 0.29-a0-393-g47a863cc1b (webtiles) character file.

Game seed: 3480714098556134986

9 ytrimaz the Skirmisher (level 2, 7/24 HPs)
             Began as a Demonspawn Fighter on May 9, 2022.
             Quit the game on level 1 of the Dungeon.
             The game lasted 00:00:26 (101 turns).

ytrimaz the Skirmisher (Demonspawn Fighter)          Turns: 101, Time: 00:00:26

Health: 7/24       AC:  6    Str: 16    XL:     2   Next: 3%
Magic:  2/2        EV:  8    Int:  9    God:
Gold:   10         SH:  4    Dex: 12    Spells: 1/1 levels left

rFire   . . .      SeeInvis .   a - +0 trident
rCold   . . .      Faith    .   c - +0 buckler
rNeg    . . .      Spirit   .   b - +0 scale mail
rPois   .          Reflect  .   (no helmet)
rElec   .          Harm     .   (no cloak)
rCorr   .          Rampage  .   (no gloves)
Will    .....                   (no boots)
Stlth   ..........              (no amulet)
HPRegen 0.08/turn               (no ring)
MPRegen 0.08/turn               (no ring)

@: mighty
A: ignite blood 1
a: no special abilities


You were on level 1 of the Dungeon.
You visited 1 branch of the dungeon, and saw 1 of its levels.

You collected 10 gold pieces.

Inventory:

Hand Weapons
 a - a +0 trident (weapon)
Armour
 b - a +0 scale mail (worn)
 c - a +0 buckler (worn)
Scrolls
 e - a scroll of identify {unknown}


   Skills:
 + Level 3.2 Fighting
 + Level 1.9 Polearms
 + Level 2.8 Armour
 + Level 2.8 Shields


You had one spell level left.
You didn't know any spells.
Your spell library was empty.

Dungeon Overview and Level Annotations

Branches:
Dungeon (1/15)

Altars:


Innate Abilities, Weirdness & Mutations

Your demonic aura sometimes causes spilled blood to erupt in flames.


Message History

You are too injured to fight recklessly!
You miss the kobold. The kobold hits you but does no damage.
You hit the kobold.
You kill the kobold!
You are too injured to fight recklessly!
You puncture the ball python!
You kill the ball python!
A hobgoblin comes into view.
The ball python misses you. You block the ball python's attack.
You are too injured to fight recklessly!
The hobgoblin shouts!
You puncture the ball python!
You kill the ball python!
You hear a shout!
You are too injured to fight recklessly!
You barely miss the kobold. You block the kobold's attack.
The kobold closely misses you.
You are too injured to fight recklessly!
You miss the kobold. The kobold hits you but does no damage.
You are too injured to fight recklessly!
You puncture the kobold!
You kill the kobold!
You have reached level 2!
Your demonic ancestry asserts itself...
Your blood heats up.
You closely miss the frilled lizard. The frilled lizard barely misses you.
You are too injured to fight recklessly!
You miss the frilled lizard.
The frilled lizard bites you but does no damage. x2
You are too injured to fight recklessly!
You barely miss the frilled lizard.
The frilled lizard bites you but does no damage.
You are too injured to fight recklessly!
You closely miss the frilled lizard. The frilled lizard closely misses you.
You hit the frilled lizard.
You kill the frilled lizard!
You are too injured to fight recklessly!
You closely miss the hobgoblin. The hobgoblin barely misses you.
Unknown command.
Are you sure you want to abandon this character and quit the game? (Confirm with "yes".)

#.##.....♣♣♣..♣♣♣.....#
#............#..♣♣....#
..#'#.............#...#####!
. #.##..............#.......
#'#...†............†...#.
#.#............!...S......
##'##.....).###.####.......
##...#####.#.###g# .......
.'.<.'.+ +.#..#.@# ##.....
##...### #.##...## ....P
.##'## ......## ...P ..#.#
....... .P.. ..#+# .......##
### .......# ..... .>..


You could see a hobgoblin.

Vanquished Creatures
  An endoplasm (D:1)
  A hobgoblin (D:1)
  3 kobolds (D:1)
  2 ball pythons (D:1)
  A frilled lizard (D:1)
  A rat (D:1)
9 creatures vanquished.

Vanquished Creatures (others)
  2 plants (D:1)
2 creatures vanquished.

Grand Total: 11 creatures vanquished

Notes
Turn   | Place    | Note
-------+----------+-------------------------------------------
     0 | D:1      | ytrimaz the Demonspawn Fighter began the quest for the Orb.
     0 | D:1      | Reached XP level 1. HP: 18/18 MP: 1/1
    95 | D:1      | Gained mutation: Your demonic aura sometimes causes spilled
                  | blood to erupt in flames. [demonic ancestry]
    95 | D:1      | Reached XP level 2. HP: 6/24 MP: 2/2
   101 | D:1      | Quit the game

Illustrated notes

Levels and vault maps discovered:
D:1:      minmay_arrival_doors, layout_rooms, serial_forest,
          infiniplex_forest_join, infiniplex_forest_lined_corner,
          infiniplex_forest_clump_medium, infiniplex_forest_clump_curved,
          infiniplex_forest_straight_5, infiniplex_forest_clump_cross,
          grunt_decor_resistance

Action                   || total
-------------------------++-------
Melee: Trident           ||    30
  Use: Potion            ||     1
Armor: Scale mail        ||    15
Dodge: Dodged            ||    13
Block: Buckler           ||     5

Table legend: (Time is in decaauts)
 A = Elapsed time spent in this place.
 B = Non-inter-level travel time spent in this place.
 C = Inter-level travel time spent in this place.
 D = Time resting spent in this place.
 E = Time spent auto-exploring this place.
 F = Levels seen in this place.
 G = Mean time per level.
                   A        B        C        D        E       F      G
               +--------+--------+--------+--------+--------+-----+--------+
         Total |    108 |    108 |      0 |      0 |     50 |   1 |  108.0 |
       Dungeon |    108 |    108 |      0 |      0 |     50 |   1 |  108.0 |
               +--------+--------+--------+--------+--------+-----+--------+

Top non-repeatable levels by time:
     D:1: 108 daAuts
